 Dungeon Crawl Stone Soup version 0.27-a0-1137-g3ef0f4ec91 (webtiles) character file.

Game seed: 15952960442871802852

349917 freelancePsychic the Cloud Mage (level 21, -12/162 HPs)
             Began as a Purple Draconian Air Elementalist on May 6, 2021.
             Was the Champion of Hepliaklqana.
             Killed from afar by an ironbound frostheart (38 damage)
             ... with a frost
             ... on level 3 of the Vaults on May 7, 2021.
             The game lasted 03:10:34 (52305 turns).

freelancePsychic the Cloud Mage (DrAE)             Turns: 52305, Time: 03:10:35

Health: -12/162    AC: 20    Str: 10    XL:     21   Next: 26%
Magic:  39/41      EV: 20    Int: 39    God:    Hepliaklqana [******]
Gold:   1934       SH:  0    Dex: 17    Spells: 19/52 levels left

rFire    . . .     SeeInvis .   q - +8 storm bow {elec, penet}
rCold    . . .     Faith    .   (shield currently unavailable)
rNeg     . . .     Spirit   .   (armour unavailable)
rPois    .         Reflect  .   c - +2 hat
rElec    .         Harm     .   m - +2 cloak
rCorr    .         Rampage  .   U - +2 pair of gloves
Will     +++++                  y - +0 pair of boots of Wasted Space {Dex+5 Slay+3}
Stlth    ++........             T - amulet "Naemoi Xila" {Regen+ Int+2 Dex+2}
HPRegen  1.37/turn              z - ring of Tuxiti {rF+ Int+4 Dex+3 Slay+4}
MPRegen  0.27/turn              X - ring "Oclyacwe" {rF- Will+++ Int+8 Dex-4 Slay+4}

@: frozen, studying 2 skills, very slow
A: reduced essence, breathe power, AC +11, unfitting armour, cold-blooded, weak
1
}: 2/15 runes: barnacled, gossamer
a: Breathe Dispelling Energy, Renounce Religion, Recall Ancestor, Ancestor
Identity, Transference, Idealise


You were on level 3 of the Vaults.
You worshipped Hepliaklqana.
Hepliaklqana was exalted by your worship.
You visited 7 branches of the dungeon, and saw 37 of its levels.
You visited 2 bazaars.
You also visited: Volcano.

You collected 6057 gold pieces.
You spent 4123 gold pieces at shops.

Inventory:

Hand Weapons
 q - the +8 storm bow (weapon) {elec, penet}
   (You bought it in a shop on level 8 of the Dungeon)

   It charges the ammunition it shoots with electricity; occasionally upon a
   hit, such missiles may discharge and cause terrible harm.
   Ammo fired by it passes through the targets it hits, potentially hitting all
   targets in its path until it reaches maximum range.
Missiles
 g - 7 throwing nets
 r - 704 arrows (quivered ammo)
 t - 23 atropa-tipped darts
 v - 14 curare-tipped darts
Armour
 c - a +2 hat (worn)
 m - a +2 cloak (worn)
 y - the +0 pair of boots of Wasted Space (worn) {Dex+5 Slay+3}
   (You bought it in a shop on level 1 of the Orcish Mines)

   It affects your dexterity (+5).
   It affects your accuracy and damage with ranged weapons and melee attacks
   (+3).
 U - a +2 pair of gloves (worn)
Jewellery
 h - a ring of fire
 o - a +6 ring of dexterity
 p - a ring of ice
 s - a +6 ring of intelligence
 w - a ring of protection from fire
 z - the ring of Tuxiti (left hand) {rF+ Int+4 Dex+3 Slay+4}
   (You acquired it on level 1 of the Elven Halls)

   [ring of slaying]

   It affects your intelligence (+4).
   It affects your dexterity (+3).
   It affects your accuracy and damage with ranged weapons and melee attacks
   (+4).
   It protects you from fire.
 A - the ring of Devotion {rC+ SInv}
   (You took it off a deep elf annihilator on level 3 of the Elven Halls)

   [ring of see invisible]

   It protects you from cold.
   It lets you see invisible.
 F - a ring of protection from cold
 N - a +4 ring of slaying
 T - the amulet "Naemoi Xila" (around neck) {Regen+ Int+2 Dex+2}
   (You found it on level 6 of the Lair of Beasts)

   [amulet of regeneration]

   It affects your intelligence (+2).
   It affects your dexterity (+2).
   It increases your rate of health regeneration.
 X - the ring "Oclyacwe" (right hand) {rF- Will+++ Int+8 Dex-4 Slay+4}
   (You bought it in a shop in a bazaar)

   [ring of slaying]

   It affects your intelligence (+8).
   It affects your dexterity (-4).
   It affects your accuracy and damage with ranged weapons and melee attacks
   (+4).
   It makes you vulnerable to fire.
   It greatly increases your willpower.
 Y - a ring of poison resistance
Wands
 b - a wand of mindburst (58)
 i - a wand of iceblast (14)
 u - a wand of flame (98)
 C - a wand of acid (19)
 K - a wand of polymorph (13)
 L - a wand of digging (5)
Scrolls
 k - 3 scrolls of silence
 x - 7 scrolls of identify {@r1}
 B - a scroll of brand weapon
 E - 5 scrolls of amnesia
 M - 8 scrolls of enchant armour
 O - a scroll of fog
 Q - 3 scrolls of immolation
 R - 8 scrolls of enchant weapon
 S - a scroll of holy word
 W - 3 scrolls of teleportation {@r4}
 Z - 7 scrolls of magic mapping
Potions
 a - a potion of ambrosia
 d - 4 potions of attraction
 e - a potion of resistance
 f - 9 potions of flight
 j - 4 potions of magic
 l - 7 potions of lignification
 n - 4 potions of mutation
 D - 6 potions of might
 G - 4 potions of berserk rage
 H - a potion of cancellation
 I - a potion of haste {@q3}
 J - 9 potions of curing {@q1}
 P - 6 potions of brilliance
 V - a potion of invisibility


   Skills:
 + Level 14.1 Fighting
 + Level 16.7 Bows
 + Level 12.8 Dodging
 - Level 1.7 Stealth
 - Level 16.0 Spellcasting
 - Level 9.3 Conjurations
 - Level 21.7 Air Magic
 + Level 5.4 Invocations


You had 19 spell levels left.
You knew the following spells:

 Your Spells              Type           Power      Damage    Failure   Level
a - Shock                 Conj/Air       100%       1d9       0%          1
b - Static Discharge      Conj/Air       100%       N/A       0%          2
c - Lightning Bolt        Conj/Air       50%        1d71      1%          5
d - Airstrike             Air            58%        N/A       0%          4
e - Tornado               Air            58%        N/A       14%         9
f - Freezing Cloud        Conj/Ice/Air   42%        6-21      2%          6
g - Conjure Ball Lightni  Conj/Air       50%        3x3d17    1%          6

Your spell library contained the following spells:

 Spells                   Type           Power      Damage    Failure   Level
 Swiftness                Air            100%       N/A       0%          3
 Animate Skeleton         Necr           62%        N/A       1%          1
 Apportation              Tloc           62%        N/A       1%          1
 Corona                   Hex            34%        N/A       1%          1
 Foxfire                  Conj/Fire      100%       2x1d9     1%          1
 Freeze                   Ice            100%       1d11      1%          1
 Magic Dart               Conj           100%       1d8       1%          1
 Summon Small Mammal      Summ           100%       N/A       1%          1
 Blink                    Tloc           N/A        N/A       1%          2
 Call Imp                 Summ           31%        N/A       1%          2
 Searing Ray              Conj           100%       3d7       1%          2
 Slow                     Hex            31%        N/A       1%          2
 Conjure Flame            Conj/Fire      61%        6-21      1%          3
 Dazzling Flash           Conj/Hex       100%       N/A       1%          3
 Fulminant Prism          Conj/Hex       30%        3d16      1%          4
 Hailstorm                Conj/Ice       61%        3d13      1%          4
 Iskenderun's Mystic Bla  Conj/Tloc      61%        2d13      1%          4
 Sticky Flame             Conj/Fire      61%        2d8       1%          4
 Summon Lightning Spire   Summ/Air       86%        N/A       1%          4
 Iskenderun's Battlesphe  Conj           81%        2d13      1%          5
 Silence                  Hex/Air        43%        N/A       1%          5
 Call Canine Familiar     Summ           31%        N/A       3%          3
 Frozen Ramparts          Ice            62%        1d8       3%          3
 Inner Flame              Hex/Fire       31%        N/A       3%          3
 Lesser Beckoning         Tloc           15%        N/A       3%          3
 Ozocubu's Armour         Ice            31%        N/A       3%          3
 Portal Projectile        Hex/Tloc       62%        N/A       3%          3
 Summon Guardian Golem    Hex/Summ       31%        N/A       3%          3
 Teleport Other           Tloc           31%        N/A       3%          3
 Tukima's Dance           Hex            31%        N/A       3%          3
 Fireball                 Conj/Fire      30%        3d13      4%          5
 Irradiate                Conj/Tmut      30%        3d23      4%          5
 Bolt of Magma            Conj/Fire/Erth 26%        4d12      8%          5
 Cause Fear               Hex            15%        N/A       10%         4
 Ice Form                 Ice/Tmut       31%        N/A       10%         4
 Leda's Liquefaction      Hex/Erth       15%        N/A       10%         4
 Summon Ice Beast         Ice/Summ       31%        N/A       10%         4
 Orb of Destruction       Conj           40%        9d14      19%         7
 Iron Shot                Conj/Erth      30%        9d6       22%         6
 Alistair's Intoxication  Tmut/Pois      20%        N/A       28%         5
 Metabolic Englaciation   Hex/Ice        15%        N/A       28%         5
 Summon Forest            Summ/Tloc      15%        N/A       28%         5
 Spellforged Servitor     Conj/Summ      30%        N/A       77%         7
 Blade Hands              Tmut           15%        N/A       83%         6
 Invisibility             Hex            31%        N/A       83%         6
 Simulacrum               Ice/Necr       15%        N/A       83%         6
 Statue Form              Tmut/Erth      20%        N/A       83%         6
 Dragon Form              Tmut           15%        N/A       100%        7
 Ozocubu's Refrigeration  Ice            15%        4d8       100%        7
 Ignition                 Fire           15%        3d6       100%        8
 Shatter                  Erth           15%        3d15*     100%        9
 Animate Armour           Summ/Erth      Unusable   N/A       N/A         4

Dungeon Overview and Level Annotations

Branches:
Dungeon (15/15)            Temple (0/1) D:6            Lair (6/6) D:11
 Shoals (4/4) Lair:3       Spider (4/4) Lair:2        Slime (0/5) Lair:6
    Orc (2/2) D:9             Elf (3/3) Orc:2        Vaults (3/5) D:14
  Crypt (0/3) Vaults:2     Depths (0/5) D:15        Volcano (visited)

Altars:
Ashenzari
Elyvilon
Fedhas
Gozag
Hepliaklqana
Makhleb
Nemelex Xobeh
Okawaru
Qazlal
Sif Muna
Trog
Uskayaw
Vehumet
Xom
Yredelemnul
The Shining One

Shops:
D:8 :*([(   D:10 !   Orc:1 =[*   Orc:2 ([*:   Elf:3 :[*   Shoals:1 *:([
Shoals:3 *

Annotations:
D:6 2 runed translucent doors
Shoals:1 3 runed translucent doors, LadyBoffin's ghost, journeyman HOFi; Roxanne
Spider:3 Gorgondantess's ghost, adept TeWz
Elf:2 3 runed translucent doors


Innate Abilities, Weirdness & Mutations

Your life essence is reduced to manifest your ancestor. (-10% HP)
You can breathe bolts of dispelling energy.
Your rich purple scales are hard. (AC +11)
You cannot fit into any form of body armour.
You are cold-blooded and may be slowed by cold attacks.
You are weak. (Str -2)


Message History

Press: ? - help, Q - select action, (/) - cycle Shift-Dir - straight line, f - yaktaur
Aim: a yaktaur, wielding a +0 arbalest and quivering bolts (moderately wounded, 90% to hit)
You shoot an arrow. The arrow pierces through the yaktaur.
The yaktaur is heavily wounded.
The arrow completely misses the ironbound frostheart.
Kheti closely misses the ironbound frostheart.
Kheti barely misses the yaktaur.
The ironbound frostheart calls freezing cold from the walls.
The frost grips you!!
The frost grips Kheti!
Kheti partially resists.
The yaktaur shoots a bolt.
The bolt hits you!!
* * * LOW HITPOINT WARNING * * *
You hear a shout!
The ice encasing you melts away.
Kheti casts a spell.
Kheti seems to speed up.
The ironbound frostheart calls freezing cold from the walls.
The frost grips you!!
* * * LOW HITPOINT WARNING * * *
You are encased in ice.
The frost grips Kheti!
Kheti partially resists.
Kheti hits the ironbound frostheart with a +0 broad axe of flaming!
Kheti burns the ironbound frostheart.
Kheti hits the yaktaur with a +0 broad axe of flaming!
Kheti burns the yaktaur.
A yaktaur comes into view.
The yaktaur wields a +0 arbalest.
The yaktaur shoots a bolt.
Kheti reflects the bolt off his +0 tower shield of reflection!
The bolt hits the yaktaur!!
Select a target.
Press: ? - help, Dir - move target, f - yaktaur captain
Aim: a yaktaur captain, quivering bolts The floor.
The yaktaur captain swaps with Kheti!
The yaktaur captain wields a +0 arbalest.
The yaktaur captain shoots a bolt.
The bolt closely misses you.
The ironbound frostheart calls freezing cold from the walls.
The frost grips you!!!
You die...

# ..... #c .(.. #.##
c..# ..( ...#
..#.c.# )pc.
##########R##
#........@ยง.#
#...........#
#..###.###..#
#..##.#.##..#
#..#.#R#.#..#
#...#.#R#...# .
#..#.#.#.#..#
########..##.#.##..#
#......#..###.###..#


You could see the friendly Kheti the knight (fast), a yaktaur captain, an
ironbound frostheart and 2 yaktaurs.

Vanquished Creatures
  2 deep elf blademasters (Elf:3)
  2 deep elf master archers (Elf:3)
  2 krakens
  Donald (Elf:1)
  6 deep elf sorcerers
  3 emperor scorpions
  An orc warlord (Orc:2)
  3 ghost moths (Spider:4)
  Louise (Shoals:4)
  2 deep elf elementalists (Elf:3)
  3 vault wardens
  4 ironbound preservers
  2 war gargoyles
  6 entropy weavers
  11 dire elephants
  8 deep elf annihilators (Elf:3)
  6 deep elf demonologists (Elf:3)
  3 spark wasps (Spider:4)
  2 deep elf death magi (Elf:3)
  4 crystal guardians
  Josephine (Lair:6)
  2 fire dragons
  4 merfolk javelineers
  4 yaktaur captains
  4 deep elf high priests (Elf:3)
  6 merfolk impalers
  2 hydras
  Harold (D:7)
  2 boulder beetles
  An ogre mage (Volcano)
  2 vault guards (Vaults:3)
  Erolcha (D:9)
  An ice dragon (D:15)
  2 alligator snapping turtles
  A peacekeeper (Vaults:2)
  7 ironbound frosthearts
  9 centaur warriors
  2 merfolk avatars (Shoals:1)
  2 catoblepae
  A tengu warrior (D:13)
  2 death knights
  7 two-headed ogres
  4 merfolk aquamancers (Shoals:4)
  3 satyrs
  5 death yaks (Lair:5)
  8 ironbound beastmasters
  12 dancing weapons
  2 spectral dire elephants (Lair:6)
  4 deep elf knights
  3 orc high priests
  A hell knight (Volcano)
  Sonja (Lair:2)
  A spectral death yak (Lair:6)
  12 skeletal warriors
  8 sea snakes
  19 deep trolls
  4 lindwurms
  22 harpies
  8 ironbound convokers
  2 wizards
  11 deep elf zephyrmancers
  10 orb spiders
  9 deep elf archers
  5 orc knights
  13 deep elf pyromancers
  3 necromancers
  A sphinx zombie (Vaults:2)
  4 cyclopes
  28 wolf spiders
  3 orc sorcerers (Orc:2)
  11 ugly things
  A sphinx skeleton (Vaults:2)
  A shining eye (shapeshifter) (Vaults:3)
  A fire giant zombie (Vaults:2)
  8 elephants (Lair:6)
  18 fauns
  3 moths of wrath
  14 manticores
  8 merfolk sirens
  2 dire elephant zombies (Lair:6)
  A fire giant skeleton (Vaults:1)
  An iron dragon skeleton (Vaults:2)
  A guardian serpent (shapeshifter) (Elf:3)
  8 vault sentinels
  3 black mambas
  A stone giant skeleton (Vaults:2)
  Joseph (D:6)
  6 water nymphs
  A frost giant skeleton (Vaults:2)
  11 cane toads
  3 gargoyles
  A torpor snail (Spider:3)
  A cane toad (shapeshifter) (D:15)
  5 komodo dragons
  A rime drake (Lair:4)
  2 efreet (D:14)
  19 yaktaurs
  4 freezing wraiths
  2 human skeletons
  A yaktaur skeleton (Vaults:2)
  8 demonic crawlers
  21 merfolk
  A wolf spider simulacrum (D:14)
  A meliai (shapeshifter) (D:15)
  2 polar bears
  3 trolls
  27 jumping spiders
  Prince Ribbit (D:6)
  6 hornets
  18 slime creatures
  5 wind drakes
  14 dream sheep
  10 blink frogs
  A human simulacrum (Vaults:2)
  A raiju (shapeshifter) (Elf:3)
  2 air elementals (Elf:1)
  8 snapping turtles
  An ettin zombie (Vaults:1)
  A shadow (D:11)
  A spriggan (Lair:5)
  An ettin skeleton (Vaults:2)
  66 redbacks
  2 wyverns
  A dire elephant simulacrum (Lair:6)
  30 tarantellas
  A vampire (D:12)
  2 basilisks
  30 yaks
  5 wraiths
  A fire elemental (Elf:3)
  3 hogs (Shoals:2)
  5 water elementals
  3 spectral cane toads (Lair:6)
  6 vampire mosquitoes
  6 water moccasins
  2 acid dragons
  3 knights
  21 orc warriors
  A black bear (Lair:5)
  2 elephant zombies (Lair:6)
  3 necrophages
  A boggart (D:14)
  10 ogres
  An elephant skeleton (Lair:6)
  10 wolves
  9 centaurs
  6 kobold brigands
  2 earth elementals (Elf:3)
  11 bullfrogs
  2 gnoll sergeants
  6 scorpions
  2 cane toad simulacra (Lair:6)
  5 elephant simulacra (Lair:6)
  3 killer bees (D:10)
  3 electric eels
  3 crimson imps (D:4)
  2 centaur zombies
  2 howler monkeys
  A bullfrog zombie (D:6)
  A hound (D:4)
  8 jellies
  2 gnoll shamans
  12 orc priests
  2 centaur skeletons (D:7)
  Jessica (D:2)
  2 iguanas
  Natasha (twice) (D:2)
  15 orc wizards
  A killer bee zombie (D:7)
  Robin (D:2)
  29 gnolls
  5 adders
  2 shadow imps
  2 white imps
  6 worms
  A dart slug (D:2)
  59 orcs
  7 ball pythons
  4 bats
  8 endoplasms
  3 giant cockroaches
  19 hobgoblins
  5 jackals
  5 quokkas
  3 frilled lizards (D:2)
  19 goblins
  26 kobolds
  9 rats
  3 tentacles
1149 creatures vanquished.

Vanquished Creatures (collateral kills)
  Nikola (Shoals:2)
  Rupert (D:14)
  Kirke (Shoals:2)
  A deep elf sorcerer (Elf:3)
  A ghost moth (Spider:3)
  2 frost giants
  A vault warden (Vaults:2)
  3 deep elf elementalists (Elf:3)
  4 ironbound preservers
  3 deep elf annihilators (Elf:3)
  A spark wasp (Spider:2)
  A merfolk javelineer (Shoals:3)
  3 dire elephants (Lair:6)
  5 deep elf death magi (Elf:3)
  A deep elf high priest (Elf:1)
  A yaktaur captain (Vaults:2)
  A great orb of eyes (Vaults:1)
  2 ironbound thunderhulks
  3 boulder beetles
  Fannar (Lair:2)
  A peacekeeper (Vaults:1)
  2 two-headed ogres
  An ironbound frostheart (Vaults:2)
  A hydra (D:15)
  A merfolk aquamancer (Shoals:4)
  5 alligator snapping turtles
  3 dancing weapons
  A centaur warrior (Vaults:3)
  A tengu warrior (D:15)
  A death yak (Lair:5)
  4 skeletal warriors
  A deep elf knight (Elf:2)
  6 deep trolls (Vaults:1)
  A spectral anaconda (Lair:6)
  4 sea snakes
  3 deep elf archers
  2 ironbound convokers (Vaults:2)
  An obsidian statue (Lair:6)
  2 wizards
  A lindwurm (Vaults:2)
  An orc knight (Orc:2)
  12 harpies
  3 deep elf zephyrmancers
  3 necromancers
  11 wolf spiders
  An orc sorcerer (Orc:2)
  3 orb spiders
  An ugly thing (D:11)
  5 manticores
  A faun (Shoals:2)
  A tengu skeleton (Vaults:2)
  2 cyclopes
  A stone giant skeleton (Vaults:1)
  3 elephants (Lair:6)
  2 merfolk sirens
  A fire giant skeleton (Vaults:2)
  A vault sentinel (Vaults:2)
  A water nymph (Shoals:2)
  A gargoyle (D:13)
  3 black mambas
  2 cane toads
  An unseen horror (D:12)
  6 yaktaurs (Vaults:2)
  2 freezing wraiths
  4 komodo dragons
  4 demonic crawlers
  A troll (D:11)
  An entropy weaver simulacrum (Vaults:2)
  3 wind drakes
  6 jumping spiders
  2 yaktaur skeletons (Vaults:2)
  5 merfolk
  3 polar bears
  3 human skeletons
  2 hornets
  2 spectral elephants (Lair:6)
  A blink frog (Lair:4)
  3 dream sheep
  7 slime creatures
  A snapping turtle (Shoals:3)
  An air elemental (Elf:1)
  2 wraiths
  An ettin zombie (Vaults:2)
  A spriggan (Lair:5)
  24 redbacks
  19 yaks
  6 tarantellas
  3 water elementals
  2 vampire mosquitoes
  A warg (Orc:2)
  A spectral cane toad (Lair:6)
  3 water moccasins
  9 orc warriors
  A sky beast (D:6)
  An elephant zombie (Lair:6)
  An elephant skeleton (Lair:6)
  2 wolves
  4 centaurs (D:11)
  A kobold brigand (D:9)
  A bullfrog (D:8)
  A scorpion (Lair:2)
  A killer bee (D:10)
  A howler monkey (D:12)
  A hound (D:6)
  A jelly (D:6)
  A centaur zombie (D:8)
  2 orc priests (Orc:2)
  5 orc wizards
  A howler monkey zombie (D:6)
  2 gnolls
  6 orcs
  A giant cockroach (Lair:2)
  A tentacle (Shoals:3)
303 creatures vanquished.

Vanquished Creatures (others)
  A deep elf master archer (Elf:3)
  A human zombie (Vaults:2)
  7 yaktaurs
  2 humans (Shoals:2)
  32 knights
  A gnoll (D:7)
  7 ball lightnings (Spider:3)
  30 fungi
  97 plants
  14 tentacles
  18 withered plants (Lair:6)
210 creatures vanquished.

Grand Total: 1662 creatures vanquished

Notes
Turn   | Place    | Note
-------+----------+-------------------------------------------
     0 | D:1      | freelancePsychic the Draconian Air Elementalist began the
                  | quest for the Orb.
     0 | D:1      | Reached XP level 1. HP: 14/14 MP: 3/3
   461 | D:1      | Reached XP level 2. HP: 20/20 MP: 1/5
   652 | D:1      | Learned a level 2 spell: Static Discharge
  1509 | D:2      | Noticed Robin
  1537 | D:1      | Reached XP level 3. HP: 16/26 MP: 0/6
  2044 | D:2      | Noticed Jessica
  2047 | D:2      | Killed Jessica
  2048 | D:2      | Reached XP level 4. HP: 20/33 MP: 4/7
  2728 | D:2      | Reached skill level 4 in Air Magic
  2751 | D:2      | Noticed Natasha
  2765 | D:2      | Killed Natasha
  2916 | D:2      | Noticed Natasha
  2939 | D:2      | Killed Natasha
  2940 | D:2      | Reached XP level 5. HP: 33/38 MP: 2/9
  3310 | D:2      | Killed Robin
  3458 | D:3      | Found a stormy altar of Qazlal.
  3460 | D:3      | Found a blossoming altar of Fedhas.
  3579 | D:3      | Found a faded altar of an unknown god.
  3829 | D:3      | Found a glowing golden altar of the Shining One.
  4211 | D:3      | Noticed a moth of wrath
  4214 | D:3      | Found a bloodstained altar of Trog.
  4416 | D:3      | Learned a level 4 spell: Airstrike
  4503 | D:3      | Killed a moth of wrath
  4504 | D:3      | Reached skill level 5 in Conjurations
  4504 | D:3      | Reached skill level 5 in Air Magic
  4504 | D:3      | Reached XP level 6. HP: 45/45 MP: 0/10
  4504 | D:3      | Your scales start taking on a rich purple colour.
  4504 | D:3      | Reached XP level 7. HP: 50/50 MP: 0/12
  4742 | D:4      | Reached skill level 6 in Air Magic
  5330 | D:4      | Found a shimmering altar of Xom.
  5337 | D:4      | Reached skill level 1 in Fighting
  5533 | D:4      | Found a white marble altar of Elyvilon.
  5612 | D:4      | Found a hazy altar of Hepliaklqana.
  5662 | D:4      | Became a worshipper of Hepliaklqana the Forgotten
  6048 | D:5      | Entered Level 5 of the Dungeon
  6048 | D:5      | Found a shimmering blue altar of Sif Muna.
  6354 | D:5      | Reached XP level 8. HP: 56/62 MP: 1/13
  6393 | D:5      | Reached skill level 7 in Air Magic
  6649 | D:5      | Reached * piety under Hepliaklqana
  7214 | D:7      | Noticed a deep elf pyromancer
  7386 | D:6      | Found a staircase to the Ecumenical Temple.
  7393 | D:6      | Reached skill level 8 in Air Magic
  7735 | D:6      | Found a large runed translucent door.
  7736 | D:6      | Found a large runed translucent door.
  7827 | D:6      | Reached ** piety under Hepliaklqana
  7828 | D:6      | Remembered your ancestor Kheti as a knight
  7839 | D:6      | Reached XP level 9. HP: 57/63 MP: 9/14
  8499 | D:7      | Noticed Joseph
  8499 | D:7      | Noticed Prince Ribbit
  8601 | D:7      | HP: 3/63 [Prince Ribbit (9)]
  8956 | D:6      | Found a staircase to the Ecumenical Temple.
  9431 | D:6      | Killed Prince Ribbit
  9481 | D:6      | Killed Joseph
  9687 | D:7      | Noticed Harold
  9695 | D:7      | Killed Harold
  9696 | D:7      | Reached skill level 5 in Fighting
  9696 | D:7      | Reached skill level 9 in Air Magic
  9787 | D:8      | Found a broken altar of Ashenzari.
 10059 | D:8      | Learned a level 5 spell: Lightning Bolt
 10085 | D:8      | Found Dedaof's Antique Armour Shoppe.
 10092 | D:8      | Bought a glowing cloak for 180 gold pieces
 10151 | D:8      | Reached XP level 10. HP: 54/74 MP: 3/15
 10250 | D:8      | Found Foleran's General Store.
 10257 | D:8      | Found Siustrapn's Weapon Boutique.
 10284 | D:8      | Found an iron altar of Okawaru.
 10300 | D:8      | Found a radiant altar of Vehumet.
 10425 | D:8      | Found Kuumnonu's Antique Weapon Shoppe.
 10581 | D:8      | Found Kuar's Book Boutique.
 10603 | D:8      | Noticed a two-headed ogre
 10638 | D:8      | Killed a two-headed ogre
 10913 | D:8      | Found a sparkling altar of Nemelex Xobeh.
 11272 | D:9      | Noticed a skeletal warrior
 11289 | D:9      | Identified a scroll of acquirement
 11289 | D:9      | Acquired 344 gold pieces
 11494 | D:9      | Noticed a skeletal warrior
 11496 | D:9      | Noticed a skeletal warrior
 11496 | D:9      | Noticed a skeletal warrior
 11542 | D:10     | Entered Level 10 of the Dungeon
 11602 | D:10     | Found Figunn's Distillery.
 11734 | D:10     | Reached skill level 1 in Bows
 12029 | D:10     | Reached *** piety under Hepliaklqana
 12409 | D:10     | Found a burning altar of Makhleb.
 12427 | D:10     | Found a hide-covered altar of Uskayaw.
 12959 | D:9      | Reached skill level 5 in Dodging
 13402 | D:9      | Noticed Erolcha
 13447 | D:11     | Reached skill level 5 in Bows
 13625 | D:11     | Reached XP level 11. HP: 69/82 MP: 10/16
 13940 | D:11     | Noticed a cyan ugly thing
 13947 | D:11     | Killed a cyan ugly thing
 14245 | D:11     | Noticed a two-headed ogre
 14256 | D:11     | Killed a two-headed ogre
 14307 | D:11     | Acquired 806 gold pieces
 14404 | D:8      | Bought the +8 storm bow {elec, penet} for 1338 gold pieces
 14404 | D:8      | Found the +8 storm bow {elec, penet}
 14755 | D:9      | Noticed a skeletal warrior
 15166 | D:11     | Reached **** piety under Hepliaklqana
 15174 | D:11     | Found a staircase to the Lair.
 15379 | D:11     | Found a basalt altar of Yredelemnul.
 15430 | D:11     | You fall into a shaft and drop 1 floor!
 15727 | Lair:1   | Entered Level 1 of the Lair of Beasts
 16035 | Lair:1   | Noticed a four-headed hydra
 16047 | Lair:1   | Killed a four-headed hydra
 16684 | Lair:1   | Reached XP level 12. HP: 90/90 MP: 3/17
 16830 | Lair:1   | Reached ***** piety under Hepliaklqana
 17187 | Lair:2   | Found a hole to the Spider Nest.
 17214 | Lair:2   | Noticed Sonja
 17222 | Lair:2   | Killed Sonja
 17395 | Lair:2   | Noticed Fannar
 17400 | Lair:2   | Killed Fannar
 17420 | Lair:2   | Noticed a six-headed hydra
 17425 | Lair:2   | Killed a six-headed hydra
 17426 | Lair:2   | Reached skill level 10 in Bows
 17590 | Lair:2   | Identified the +8 arbalest of Evil {penet, Str+9}
 18695 | Lair:3   | Reached skill level 10 in Air Magic
 18946 | Lair:3   | Found a staircase to the Shoals.
 19839 | Lair:4   | Reached skill level 11 in Air Magic
 20123 | Lair:4   | Reached XP level 13. HP: 85/101 MP: 18/18
 20424 | Lair:4   | Reached skill level 12 in Air Magic
 21455 | Lair:5   | Reached skill level 13 in Air Magic
 21763 | Lair:5   | Reached ****** piety under Hepliaklqana
 22133 | Lair:6   | Entered Level 6 of the Lair of Beasts
 22471 | Lair:6   | Reached skill level 14 in Air Magic
 22820 | Lair:6   | Found a staircase to the Slime Pits.
 22963 | Lair:6   | Noticed Josephine
 22968 | Lair:6   | Killed Josephine
 23296 | Lair:6   | Noticed a dire elephant
 23308 | Lair:6   | Killed a dire elephant
 23309 | Lair:6   | Reached skill level 15 in Air Magic
 23525 | Lair:6   | Noticed a dire elephant
 23525 | Lair:6   | Noticed a dire elephant
 23526 | Lair:6   | Noticed a dire elephant
 23527 | Lair:6   | Noticed a dire elephant
 23568 | Lair:6   | Killed a dire elephant
 23791 | Lair:6   | Reached XP level 14. HP: 99/107 MP: 19/19
 24454 | Lair:6   | Identified the amulet "Naemoi Xila" {Regen+ Int+2 Dex+2}
 24486 | Lair:6   | Reached skill level 16 in Air Magic
 26471 | D:9      | Killed Erolcha
 26653 | D:9      | Found a staircase to the Orcish Mines.
 26797 | Orc:1    | Entered Level 1 of the Orcish Mines
 26797 | Orc:1    | Found Widineiriy's Antique Armour Emporium.
 26955 | Orc:1    | Found Rukuyruz's General Store.
 27037 | Orc:2    | Entered Level 2 of the Orcish Mines
 27058 | Orc:2    | Found a dark tunnel.
 27067 | Volcano  | Entered a volcano
 27181 | Volcano  | Reached skill level 17 in Air Magic
 27555 | Orc:2    | Found a staircase to the Elven Halls.
 27712 | Orc:2    | Noticed an orc warlord
 27734 | Orc:1    | Found Noud Uvoqoet's Jewellery Emporium.
 28534 | Orc:1    | Learned a level 9 spell: Tornado
 28634 | Orc:2    | Reached XP level 15. HP: 113/113 MP: 21/21
 28797 | Orc:2    | Reached skill level 5 in Spellcasting
 28812 | Orc:2    | Found Hoxkaf's Antique Armour Emporium.
 28816 | Orc:2    | Found Eboh's Antique Weapon Emporium.
 28830 | Orc:2    | Found Ategaim's General Store.
 28830 | Orc:2    | Found Leef's Book Shoppe.
 29216 | Orc:2    | Bought a book of the Sky for 1040 gold pieces
 29453 | Orc:2    | Killed an orc warlord
 29659 | Orc:1    | Bought a pair of heavily runed boots for 275 gold pieces
 29659 | Orc:1    | Identified the +0 pair of boots of Wasted Space {Dex+5
                  | Slay+3} (You bought it in a shop on level 1 of the Orcish
                  | Mines)
 29669 | Orc:1    | Bought a pair of runed gloves for 217 gold pieces
 31020 | D:14     | You fall into a shaft and drop 1 floor!
 31020 | D:15     | Entered Level 15 of the Dungeon
 31630 | D:15     | Found an opulent altar of Gozag.
 31719 | D:15     | Found a staircase to the Depths.
 31883 | D:14     | Reached skill level 10 in Fighting
 31967 | D:14     | Noticed Rupert
 31985 | D:14     | Killed Rupert
 32196 | D:14     | Found a gate to the Vaults.
 33211 | Elf:1    | Entered Level 1 of the Elven Halls
 33212 | Elf:1    | Acquired the ring of Tuxiti {rF+ Int+4 Dex+3 Slay+4}
 33238 | Elf:1    | Found a radiant altar of Vehumet.
 33340 | Elf:1    | Noticed Donald
 33346 | Elf:1    | Killed Donald
 33359 | Elf:1    | Found a radiant altar of Vehumet.
 33366 | Elf:1    | Found a flickering gateway to a bazaar.
 33378 | Bazaar   | Entered a bazaar
 33484 | Bazaar   | Found Zithraokk's Antique Weapon Emporium.
 33484 | Bazaar   | Found Bucoim's Armour Shoppe.
 33506 | Bazaar   | Found Ytojeut's Assorted Antiques.
 33506 | Bazaar   | Found Orgha Qim's Book Shoppe.
 33546 | Bazaar   | Learned a level 6 spell: Freezing Cloud
 33644 | Elf:1    | Reached XP level 16. HP: 121/121 MP: 21/29
 34546 | Elf:2    | Reached skill level 10 in Spellcasting
 35219 | Elf:2    | Reached skill level 18 in Air Magic
 35417 | Elf:2    | Found a runed translucent gate.
 35417 | Elf:2    | Found a runed translucent gate.
 35417 | Elf:2    | Found a runed translucent gate.
 35817 | Spider:1 | Entered Level 1 of the Spider Nest
 38501 | Spider:3 | Reached XP level 17. HP: 126/126 MP: 33/33
 38538 | Spider:3 | Reached skill level 19 in Air Magic
 39200 | Spider:3 | Found a runed translucent door.
 39200 | Spider:3 | Noticed Gorgondantess's ghost (adept TeWz)
 39450 | Spider:4 | Entered Level 4 of the Spider Nest
 40913 | Spider:4 | Got a gossamer rune of Zot
 41496 | Lair:2   | Learned a level 6 spell: Conjure Ball Lightning
 41550 | Shoals:1 | Entered Level 1 of the Shoals
 41553 | Shoals:1 | Found Higiqam's Antique Armour Shop.
 41575 | Shoals:1 | Found a runed translucent gate.
 41575 | Shoals:1 | Found a runed translucent gate.
 41575 | Shoals:1 | Found a runed translucent gate.
 41581 | Shoals:1 | Noticed LadyBoffin's ghost (journeyman HOFi)
 41582 | Shoals:1 | Found Tout's Book Emporium.
 41587 | Shoals:1 | Found Naheiddu's Assorted Antiques.
 41729 | Shoals:1 | Reached skill level 20 in Air Magic
 41738 | Shoals:1 | Reached skill level 15 in Spellcasting
 41832 | Shoals:1 | Noticed Roxanne
 41902 | Shoals:1 | Found Doenor's Antique Weapon Emporium.
 42099 | Shoals:1 | Reached XP level 18. HP: 134/134 MP: 37/37
 42249 | Shoals:2 | Noticed Kirke
 42254 | Shoals:2 | Killed Kirke
 42401 | Shoals:2 | Noticed Nikola
 42428 | Shoals:2 | Killed Nikola
 43250 | Shoals:3 | Found a flickering gateway to a bazaar.
 43269 | Bazaar   | Entered a bazaar
 43336 | Bazaar   | Found Lozyop's Jewellery Boutique.
 43358 | Bazaar   | Found Hutyeh's Antique Armour Emporium.
 43379 | Bazaar   | Found Kuryunt's Book Boutique.
 43399 | Bazaar   | Found Zucliwk's Jewellery Shoppe.
 43426 | Bazaar   | Bought the ring "Oclyacwe" {rF- Will+++ Int+8 Dex-4 Slay+4}
                  | for 1073 gold pieces
 43459 | Shoals:3 | Found Faloax's Assorted Antiques.
 43610 | Shoals:3 | Identified the +4 robe "Hifrik" {Harm}
 43901 | Shoals:3 | Gained mutation: You are weak. (Str -2) [mutagenic glow]
 44840 | Shoals:4 | Entered Level 4 of the Shoals
 44907 | Shoals:4 | Noticed Louise
 44912 | Shoals:4 | Killed Louise
 45145 | Shoals:4 | Identified the Papyrus of Snow and Dislocation
 45326 | Shoals:4 | Got a barnacled rune of Zot
 45420 | Shoals:4 | Reached skill level 21 in Air Magic
 45584 | Shoals:4 | Reached XP level 19. HP: 142/142 MP: 33/39
 45853 | Shoals:4 | Identified the +6 scale mail of Vexation {rC+}
 46535 | Elf:3    | Entered Level 3 of the Elven Halls
 46544 | Elf:3    | Found Juwif's Book Emporium.
 46657 | Elf:3    | Found Ledwiur's Antique Armour Emporium.
 46674 | Elf:3    | Found Ozin's General Store.
 47427 | Elf:3    | Identified the +2 war axe of Purpose {venom, Dex+6}
 47427 | Elf:3    | Identified the ring of Devotion {rC+ SInv}
 47665 | Elf:3    | Reached skill level 10 in Dodging
 47733 | Elf:3    | Reached skill level 15 in Bows
 48138 | Elf:3    | Identified the Grimoire of Creation
 48147 | Elf:3    | Identified the +1 plate armour of Indemnity {rPois rCorr}
 48195 | Elf:3    | Identified the +1 helmet "Zoczud" {rPois rC+ Str-5 Int+2}
 48306 | Elf:3    | Identified the +1 glaive of Disharmony {freeze, *Rage
                  | Str+5}
 48705 | Vaults:1 | Entered Level 1 of the Vaults
 48738 | Vaults:1 | Reached XP level 20. HP: 150/150 MP: 40/40
 50589 | Vaults:2 | Reached skill level 1 in Invocations
 51274 | Vaults:2 | Found a staircase to the Crypt.
 51425 | Vaults:2 | Reached XP level 21. HP: 162/162 MP: 41/41
 51971 | Vaults:3 | Reached skill level 5 in Invocations
 52305 | Vaults:3 | Killed from afar by an ironbound frostheart

Illustrated notes

Levels and vault maps discovered:
D:1:      mrwooster_arrival_statue_3, layout_basic, serial_bayou_lagoon_a
D:2:      layout_basic, minmay_tromino_v2, uniq_jessica, uniq_robin,
          uniq_natasha
D:3:      layout_rooms, grunt_temple_overflow_forces_of_nature, tgw_trog,
          nicolae_tso_swordbearing_angel, ebering_ecumenical_altar_sacrificial
D:4:      corexii_shantytown, layout_loops_ring,
          nicolae_hepliaklqana_hazy_memory, led_xom_imps, lemuel_doored_altar
D:5:      layout_rooms, nicolae_sif_muna_condensation
D:6:      layout_gridville, jmf_multi_god_temple2,
          minmay_temple_entry_drinking_statues, minmay_misc_feat_encased
D:7:      layout_rooms, solitary_fountain, uniq_joseph, uniq_prince_ribbit1,
          uniq_harold
D:8:      layout_loops_ring, evilmike_ruin_ashenzari,
          nemelex_diamond_rough_becter, lemuel_tele_altar,
          nicolae_vehumet_radiance, serial_shops, shop, shop,
          nicolae_shop_trees, nicolae_shop_competitors_out_of_business,
          nicolae_shop_crystal
D:9:      layout_rooms, kennysheep_orc_monster_closet_entryway, uniq_erolcha
D:10:     layout_cross, kennysheep_mini, kennysheep_little_box, serial_shops,
          shop
D:11:     layout_basic, david_lair_shrubbed, yredelemnul_altar_generic
D:12:     layout_stronghold
D:13:     layout_rooms
D:14:     layout_basic, skrybe_vaults_entry_preservation,
          minmay_misc_feat_pillars, uniq_rupert
D:15:     grunt_enter_depths_hoard, layout_cave_pools, dk_noncrumbling_3,
          wad_floor_pattern_1, nicolae_gozag_cash_rules_everything_around_me
Lair:1:   layout_layer_cave, st_stairs_4
Lair:2:   layout_misc_corridors, nicolae_spider_entry_non_spiders, minivault_23,
          minivault_26, uniq_sonja, uniq_fannar
Lair:3:   layout_cave_pods, minmay_shoals_entry_beasts, lemuel_fruit_fields
Lair:4:   layout_loops_ring, grunt_megastairs_3, serial_bayou_shore_b
Lair:5:   layout_regular_city, serial_bayou_pond_e, forest_entry_grove
Lair:6:   due_jungle_book, layout_regular_city, minmay_slime_entry_pillars,
          uniq_josephine
Shoals:1: layout_shoals, serial_shops, shop, shop, shop,
          nicolae_shop_overgrown_old_shop, gammafunk_ghost_necromancy,
          uniq_roxanne
Shoals:2: layout_shoals, uniq_nikola, uniq_kirke
Shoals:3: cheibrodos_shoals_roost, layout_shoals, serial_shops,
          bzr_entry_lakeside, shop
Shoals:4: shoals_end_grunt_ice, layout_shoals, uniq_louise
Spider:1: layout_spider_delve
Spider:2: layout_spider_delve, hangedman_spider_tarantella_strand
Spider:3: layout_spider_delve, gammafunk_ghost_grave, drop_trap
Spider:4: spider_rune_water
Orc:1:    layout_caves, serial_shops, shop_statue, shop, shop_statue
Orc:2:    st_orc_congregation, layout_caves, enter_volcano_1
Elf:1:    eino_elf_arrival_altar, layout_gridlike, serial_shops,
          bzr_entry_customers, basic_altar, hangedman_elf_represent, uniq_donald
Elf:2:    layout_geoelf_octagon
Elf:3:    nooodl_elf_gasket, layout_onion_city, serial_shops, shop, shop, shop,
          drop_trap
Vaults:1: nicolae_vaults_big_angled_halls, hangedman_vaults_pinch,
          ontoclasm_vaults_pinch, vaults_room_corners,
          nicolae_vaults_angled_halls, hangedman_vaults_nails,
          vaults_room_door_hall, hangedman_vaults_trim, ontoclasm_vaults_spin,
          v_misc_16, layout_vaults_omnibox
Vaults:2: minmay_crypt_entry_skeletal_spiral, nicolae_vaults_asterisk,
          nicolae_vaults_border_crossing, v_pattern_1, ontoclasm_vaults_gateway,
          vaults_room_pools, ontoclasm_vaults_loading_screen,
          ontoclasm_vaults_eye, nicolae_vaults_what_the_h, v_rooms_6,
          vaults_room_octagon, hangedman_vaults_capsules,
          ontoclasm_vaults_water_temple, layout_vaults_maze_bifur
Vaults:3: vaults_standard_mumra_lines, ontoclasm_vaults_idyll, v_misc_17,
          nicolae_vaults_little_ls, v_misc_2, vaults_room_fours, st_lines,
          vaults_room_door_hall, nicolae_vaults_little_squares_6, v_misc_33,
          layout_vaults_omnigrid, serial_shops, nicolae_shop_behind_doors

Skill      XL: |  1  2  3  4  5  6  7  8  9 10 11 12 13 14 15 16 17 18 19 20 21 |
---------------+----------------------------------------------------------------+-----
Conjurations   | 2 3 5 6 7 9 |  9.3
Air Magic      | 4 5 6 8 9 11 15 17 18 20 21 | 21.7
Spellcasting   | 3 4 9 12 15 16 | 16.0
Fighting       | 2 4 5 7 8 9 10 11 13 14 | 14.1
Dodging        | 2 5 6 7 8 10 12 | 12.8
Bows           | 5 9 11 12 13 14 15 16 | 16.7
Invocations    | 3 5 |  5.4
Stealth        | |  1.7

Action                   |  1- 3 |  4- 6 |  7- 9 | 10-12 | 13-15 | 16-18 | 19-21 || total
-------------------------+-------+-------+-------+-------+-------+-------+-------++-------
Melee: Unarmed           |    25 |    57 |    51 |       |       |       |       ||   133
       Tailslap          |       |     5 |     5 |     5 |       |       |       ||    15
       Double sword      |       |       |     4 |    31 |       |       |       ||    35
 Fire: Longbow           |       |       |       |   239 |   911 |  1019 |   780 ||  2949
 Cast: Shock             |    35 |     3 |     7 |     5 |       |       |       ||    50
       Static Discharge  |    12 |    56 |   152 |    58 |    29 |    41 |       ||   348
       Airstrike         |       |     8 |    28 |    91 |    62 |    92 |    51 ||   332
       Lightning Bolt    |       |       |       |     7 |     2 |       |       ||     9
       Freezing Cloud    |       |       |       |       |     2 |    18 |     2 ||    22
       Tornado           |       |       |       |       |       |     4 |     3 ||     7
Invok: Ancestor Life: Kn |       |       |     1 |       |       |       |       ||     1
       Ancestor Identity |       |       |     1 |       |       |       |       ||     1
       Recall Ancestor   |       |       |     1 |     3 |     8 |     7 |       ||    19
       Transference      |       |       |       |       |     2 |       |     1 ||     3
       Idealise          |       |       |       |       |       |     1 |     1 ||     2
  Use: Potion            |     1 |       |     3 |     1 |     3 |    12 |       ||    20
       Scroll            |       |     3 |     9 |     7 |    24 |    19 |       ||    62
Armor: Skin              |    18 |    40 |    59 |    65 |    88 |   195 |    25 ||   490
Dodge: Dodged            |    34 |    65 |   121 |   132 |   185 |   363 |   101 ||  1001
       Rpst.: Double sword |       |       |     3 |    17 |       |       |       ||    20

Table legend: (Time is in decaauts)
 A = Elapsed time spent in this place.
 B = Non-inter-level travel time spent in this place.
 C = Inter-level travel time spent in this place.
 D = Time resting spent in this place.
 E = Time spent auto-exploring this place.
 F = Levels seen in this place.
 G = Mean time per level.
                   A        B        C        D        E       F      G
               +--------+--------+--------+--------+--------+-----+--------+
         Total |  52935 |  49947 |   2988 |   5066 |  35934 |  40 | 1323.4 |
       Dungeon |  21092 |  19677 |   1415 |   1865 |  15022 |  15 | 1406.1 |
          Lair |  10194 |   9694 |    500 |   1089 |   7230 |   6 | 1699.0 |
        Shoals |   4968 |   4739 |    229 |    533 |   3073 |   4 | 1242.0 |
   Spider Nest |   5573 |   5382 |    191 |    601 |   3747 |   4 | 1393.2 |
  Orcish Mines |   2680 |   2403 |    277 |    203 |   1408 |   2 | 1340.0 |
   Elven Halls |   4189 |   3962 |    227 |    536 |   2557 |   3 | 1396.3 |
        Vaults |   3556 |   3410 |    146 |    164 |   2450 |   3 | 1185.3 |
        Bazaar |    351 |    351 |      0 |     62 |    245 |   2 |  175.5 |
       Volcano |    328 |    328 |      0 |     11 |    199 |   1 |  328.0 |
               +--------+--------+--------+--------+--------+-----+--------+

Top non-repeatable levels by time:
  Lair:6: 3273 daAuts
     D:6: 2297 daAuts
    D:10: 2068 daAuts
   Elf:3: 1967 daAuts
Spider:4: 1893 daAuts
     D:9: 1851 daAuts
    D:11: 1817 daAuts
     D:1: 1809 daAuts
Vaults:2: 1760 daAuts
   Orc:2: 1724 daAuts
     D:8: 1614 daAuts
     D:2: 1605 daAuts
  Lair:4: 1596 daAuts
  Lair:3: 1540 daAuts
Shoals:4: 1517 daAuts
